 Dungeon Crawl Stone Soup version 0.31-a0-369-g8eba5f6939 (webtiles) character file.

Game seed: 5628707457777461132

156 Newt the Changeling (level 5, -4/67 HPs)
             Began as a Draconian Shapeshifter on July 28, 2023.
             Slain by a gnoll sergeant
             ... wielding a +0 spear of flaming
              (6 damage)
             ... on level 4 of the Dungeon.
             The game lasted 00:03:21 (2707 turns).

Newt the Changeling (Draconian Shapeshifter)        Turns: 2707, Time: 00:03:22

Health: -4/67      AC: 22    Str: 20    XL:     5   Next: 15%
Magic:  5/5        EV:  2    Int:  8    God:
Gold:   104        SH:  0    Dex: 17    Spells: 4/4 levels left

rFire   . . .        h - +1 mace (venom)
rCold   . . .        (no shield)
rNeg    . . .        (body armour unavailable)
rPois   +            (helmet currently unavailable)
rElec   .            (cloak currently unavailable)
rCorr   .            (gloves currently unavailable)
SInv    .            (boots currently unavailable)
Will    .....        (no amulet)
Stlth   ++           e - +6 ring of dexterity
HPRegen 0.31/turn    (no ring)
MPRegen 0.09/turn

%: no passive effects
@: mighty, tree-form
A: stationary, stasis, torment immunity, boosted hp, AC +5, unfitting armour,
(cold-blooded)
a: no special abilities


You were on level 4 of the Dungeon.
You were a tree.
You visited 1 branch of the dungeon, and saw 4 of its levels.

You collected 158 gold pieces.
You spent 54 gold pieces at shops.

Inventory:

Hand Weapons
 c - a +1 trident
 h - a +1 mace of venom (weapon)
Jewellery
 e - a +6 ring of dexterity (left branch)
Talismans
 b - a beast talisman
Potions
 f - a potion of curing
 i - a potion of brilliance {unknown}


   Skills:
 - Level 3.0 Fighting
 - Level 1.7 Dodging
 - Level 3.0 Unarmed Combat
 + Level 4.7 Shapeshifting


You had 4 spell levels left.
You didn't know any spells.
Your spell library contained the following spells:

 Spells                   Type           Power      Damage    Failure   Level
 Shock                    Conj/Air       0%         1d3       41%         1
 Call Canine Familiar     Summ           0%         N/A       78%         3
 Portal Projectile        Hex/Tloc       0%         N/A       78%         3
 Swiftness                Air            0%         N/A       78%         3
 Airstrike                Air            0%         2d(0-16)  99%         4
 Leda's Liquefaction      Hex/Erth       0%         N/A       99%         4


Dungeon Overview and Level Annotations

Branches:
Dungeon (4/15)
 Temple: D:4-7

Altars:
Vehumet
Yredelemnul

Shops:
D:1 *=


Innate Abilities, Weirdness & Mutations

You are a tree.
Your roots penetrate the ground, keeping you stationary.
You cannot be teleported.
You are immune to unholy pain and torment.
Your maximum health is greatly increased.
Your equipment is partially melded.
((Your plain brown scales are hard. (AC +5)))
You cannot fit into any form of body armour.
((You are cold-blooded and may be slowed by cold attacks.))


Message History

The gnoll sergeant burns you.
* * * LOW HITPOINT WARNING * * *
The gnoll sergeant hits you but does no damage.
Really quaff the potion of lignification?
Your transformation has ended.
You turn into a tree.
Your roots penetrate the ground.
The orc hits you but does no damage.
Unknown command.
You thump the gnoll!
The gnoll is severely wounded.
The gnoll sergeant hits you but does no damage.
The orc barely misses you. The gnoll hits you but does no damage.
The gnoll sergeant hits you with a +0 spear of flaming!
* * * LOW HITPOINT WARNING * * *
The gnoll sergeant burns you.
* * * LOW HITPOINT WARNING * * *
The orc hits you but does no damage. The gnoll hits you but does no damage.
You feel better. The gnoll hits you but does no damage.
The gnoll sergeant hits you but does no damage.
The orc hits you but does no damage.
You feel very mighty all of a sudden.
The gnoll sergeant hits you but does no damage.
The orc hits you but does no damage. The gnoll hits you with a +0 club.
* * * LOW HITPOINT WARNING * * *
Unknown command.
You thump the gnoll sergeant!
The gnoll sergeant is poisoned.
The gnoll sergeant is moderately wounded.
The gnoll sergeant hits you but does no damage.
The orc hits you but does no damage. The gnoll hits you but does no damage.
You hit the gnoll sergeant.
The gnoll sergeant looks as sick as possible!
The gnoll sergeant is heavily wounded.
The gnoll sergeant hits you with a +0 spear of flaming!
* * * LOW HITPOINT WARNING * * *
The gnoll sergeant burns you.
* * * LOW HITPOINT WARNING * * *
The orc hits you but does no damage. The gnoll hits you but does no damage.
The orc hits you but does no damage.
The gnoll sergeant hits you with a +0 spear of flaming.
You die...

.....####..### ##................
.......####..###.............._..
..........###.........)........P.
........... ###.#................
........... #.#....)........###
........... #..#..........###
........... ##.#)......####
...<....... #.gg#..#####
..........# #.♣o.### ###########
#..#...# #..##...# #..## ##..#
#..# #... #..# #.. #.## #. .. ..


You could see a gnoll sergeant (extremely poisoned), a gnoll and an orc.

Vanquished Creatures
  An orc priest (D:3)
  2 gnolls (D:4)
  2 adders
  2 worms
  2 dart slugs
  10 orcs
  8 endoplasms
  2 giant cockroaches
  4 hobgoblins
  4 jackals
  6 quokkas
  4 ball pythons
  5 bats
  A frilled lizard (D:1)
  5 goblins
  4 kobolds
  7 rats
69 creatures vanquished.

Notes
Turn   | Place    | Note
-------+----------+-------------------------------------------
     0 | D:1      | Newt the Draconian Shapeshifter began the quest for the
                  | Orb.
     0 | D:1      | Reached XP level 1. HP: 16/16 MP: 1/1
   180 | D:1      | Found Vulon's Jewellery Boutique.
   216 | D:1      | Reached XP level 2. HP: 25/25 MP: 2/2
   457 | D:1      | Found a faded altar of an unknown god.
   478 | D:1      | Found Nohuimiwk's Assorted Antiques.
   483 | D:1      | Bought a scroll labelled CEDAYSER ZODIQ for 27 gold pieces
   897 | D:1      | Bought a scroll labelled ROLAFI SUHOUPN for 27 gold pieces
   950 | D:2      | Reached XP level 3. HP: 26/31 MP: 3/3
  1990 | D:3      | Reached XP level 4. HP: 22/38 MP: 4/4
  2177 | D:3      | Reached skill level 4 in Shapeshifting
  2390 | D:3      | Found a radiant altar of Vehumet.
  2650 | D:4      | Reached XP level 5. HP: 32/45 MP: 5/5
  2661 | D:4      | Found a basalt altar of Yredelemnul.
  2703 | D:4      | HP: 3/67 [gnoll sergeant/+0 spear of flaming (1)]
  2707 | D:4      | Slain by a gnoll sergeant

Illustrated notes

Levels and vault maps discovered:
D:1:      elethiomel_arrival_infinity_welcomes_careful_drivers,
          layout_loops_ring, serial_shops, shop_fountains,
          nicolae_shop_tiny_real_fake_doors, ebering_ecumenical_altar_abandoned,
          amcnicky_mini_pool_small
D:2:      layout_basic
D:3:      layout_loops_corners, nicolae_vehumet_radiance
D:4:      layout_cave_pods, yredelemnul_altar_generic,
          mainiacjoe_overflow_alcove_3, gup_sewer_entry_glass, uniq_edmund

Skill      XL: |  1  2  3  4 |
---------------+-------------+-----
Fighting       | 2 3 |  3.0
Shapeshifting  | 4 |  4.7
Dodging        | |  1.7
Unarmed Combat | |  3.0

Action                     |  1- 3 |  4- 6 || total
---------------------------+-------+-------++-------
  Melee: Unarmed           |    11 |       ||    11
         Trident           |   119 |     4 ||   123
         Tailslap          |     7 |     6 ||    13
         Mace              |       |    44 ||    44
         Punch             |       |     1 ||     1
    Use: Scroll            |     6 |       ||     6
         Potion            |       |     5 ||     5
   Stab: Sleeping          |     4 |     1 ||     5
 Armour: Skin              |    29 |    42 ||    71
  Dodge: Dodged            |    80 |    42 ||   122

Table legend: (Time is in decaauts)
 A = Elapsed time spent in this place.
 B = Non-inter-level travel time spent in this place.
 C = Inter-level travel time spent in this place.
 D = Time resting spent in this place.
 E = Time spent auto-exploring this place.
 F = Levels seen in this place.
 G = Mean time per level.
                   A        B        C        D        E       F      G
               +--------+--------+--------+--------+--------+-----+--------+
         Total |   2763 |   2651 |    112 |    163 |   2014 |   4 |  690.8 |
       Dungeon |   2763 |   2651 |    112 |    163 |   2014 |   4 |  690.8 |
               +--------+--------+--------+--------+--------+-----+--------+

Top non-repeatable levels by time:
     D:3: 1093 daAuts
     D:1: 930 daAuts
     D:2: 622 daAuts
     D:4: 117 daAuts
